 Dungeon Crawl Stone Soup version 0.26.1-2-gb8aa6d0cf2 (webtiles) character file.

Game seed: 5964286180808101257

18 DasRunzen the Conjurer (level 2, 0/22 HPs)
             Began as a Demigod Conjurer on Feb 8, 2021.
             Slain by a bat (1 damage)
             ... on level 1 of the Dungeon.
             The game lasted 00:02:16 (631 turns).

DasRunzen the Conjurer (Demigod Conjurer)            Turns: 631, Time: 00:02:16

Health: 0/22       AC:  2    Str: 10    XL:     2   Next: 36%
Magic:  3/7        EV: 12    Int: 22    God:
Gold:   21         SH:  0    Dex: 14    Spells: 2/5 levels left

rFire    . . .     SeeInvis .   h - +0 dagger (vamp)
rCold    . . .     Faith    .   (no shield)
rNeg     . . .     Spirit   .   a - +0 robe
rPois    .         Reflect  .   (no helmet)
rElec    .         Harm     .   (no cloak)
rCorr    .         Rampage  .   (no gloves)
Will     .....                  (no boots)
Stlth    +.........             (no amulet)
HPRegen  0.07/turn              d - ring of attention (curse)
MPRegen  0.10/turn              (no ring)

@: no status effects
A: high mp 1
a: no special abilities


You were on level 1 of the Dungeon.
You visited 1 branch of the dungeon, and saw 1 of its levels.

You collected 21 gold pieces.

Inventory:

Hand Weapons
 h - a +0 vampiric dagger (weapon)
Armour
 a - a +0 robe (worn)
Jewellery
 d - a cursed ring of attention (left hand)
Scrolls
 b - a scroll of identify {unknown}
 e - a scroll of remove curse {unknown}
 f - a scroll of random uselessness {unknown}
 g - a scroll of magic mapping {unknown}
Potions
 c - a potion of cancellation


   Skills:
 + Level 0.6 Fighting
 + Level 0.6 Armour
 + Level 2.0 Dodging
 - Level 1.7 Stealth
 + Level 2.0 Spellcasting
 + Level 3.7 Conjurations


You had 2 spell levels left.
You knew the following spells:

 Your Spells              Type           Power        Failure   Level
a - Magic Dart            Conj           72%          3%          1
b - Searing Ray           Conj           36%          4%          2

Your spell library contained the following spells:

 Spells                   Type           Power        Failure   Level
 Dazzling Flash           Conj/Hex       20%          19%         3
 Fulminant Prism          Conj/Hex       5%           54%         4
 Iskenderun's Mystic Bla  Conj/Tloc      10%          54%         4


Dungeon Overview and Level Annotations

Branches:
Dungeon (1/15)


Innate Abilities, Weirdness & Mutations

You have an increased reservoir of magic. (+10% MP)


Message History

The bat hits you but does no damage. The hobgoblin barely misses you.
Unknown command.
You barely miss the hobgoblin.
The hobgoblin is lightly wounded.
The bat closely misses you. The bat barely misses you.
The hobgoblin hits you with a +0 club.
* * * LOW HITPOINT WARNING * * *
The hobgoblin completely misses you.
Casting: Magic Dart (safe; 3% risk of failure)
Confirm with . or Enter, or press ? or * to list all spells.
Aiming: Magic Dart (safe; 3% risk of failure)
Press: ? - help, Shift-Dir - straight line, f/p - hobgoblin
Aim: a hobgoblin, wielding a +0 club (lightly wounded, 0% to evade)
The magic dart hits the hobgoblin.
The hobgoblin is almost dead.
The bat barely misses you. The hobgoblin hits you with a +0 club.
* * * LOW HITPOINT WARNING * * *
The hobgoblin barely misses you.
It was a potion of cancellation.
You feel magically purged. The bat hits you.
You die...

### . ..# .. #.#
### ... #.# #..
?.. #.# #r# .. #.#
#g# #.#.## ###@#
#.r..###lgb#
#...#r...r#r#
#.....#...rl....
##
.r..........####..
.. #.##..#.#.#.##
.# #. .
......#.#.# # # #.
b##......... #.#.
....##.#### #.#.


You could see a leopard gecko, 2 hobgoblins, a bat, a frilled lizard and 4 rats.

Vanquished Creatures
  A dart slug (D:1)
  4 leopard geckos (D:1)
  A giant cockroach (D:1)
  A hobgoblin (D:1)
  3 frilled lizards (D:1)
  3 kobolds (D:1)
13 creatures vanquished.

Notes
Turn   | Place    | Note
-------+----------+-------------------------------------------
     0 | D:1      | DasRunzen the Demigod Conjurer began the quest for the Orb.
     0 | D:1      | Reached XP level 1. HP: 14/14 MP: 5/5
   364 | D:1      | Reached XP level 2. HP: 11/22 MP: 2/7
   434 | D:1      | Learned a level 2 spell: Searing Ray
   630 | D:1      | HP: 1/22 [hobgoblin/+0 club (5)]
   631 | D:1      | Slain by a bat

Illustrated notes

Levels and vault maps discovered:
D:1:      dpeg_arrival_snail, layout_loops_ring

Skill      XL: |  1  2 |
---------------+-------+-----
Dodging        | 2 |  2.0
Spellcasting   | 2 |  2.0
Fighting       | |  0.6
Armour         | |  0.6
Stealth        | |  1.7
Conjurations   | |  3.7

Action                   || total
-------------------------++-------
Melee: Dagger            ||    26
 Cast: Magic Dart        ||    22
  Use: Potion            ||     1
Armor: Robe              ||    10
Dodge: Dodged            ||    39
